AoeStats
← Iguano Pop

Arena

507928614Analyzed
3v3 RM · 12d ago on Sep 20, 2026· 56m 56s· 6 players
Game mode
Random Map
Map size
Normal (6 player)
Population
200
Speed
Normal
Resources
Standard
Victory
Conquest
Starting age
Dark Age
Ending age
Imperial Age
RankedLock teamsTeams togetherTeam positionsShared explorationLock speedFull tech treeHidden civsTurbo modeCheats
Victory
Defeat
🇹🇼 Franks · Taiwan
1271
+17
🇹🇼 Bohemians · Taiwan
1270
+17
🇹🇼 Byzantines · Taiwan
1269
+17
🇲🇽 Saracens · Mexico
1310
-19
🇹🇼 Bulgarians · Taiwan
1289
-17
🇫🇷 Bohemians · France
1252
-15
死神兒
11:02 Feudal Age
12:26 Loom
15:37 Castle Age
13:36 Double-Bit Axe
14:10 Horse Collar
15:51 Wheelbarrow
16:35 Fletching
17:55 Bow Saw
20:23 Redemption
21:31 Fervor
32:58 Imperial Age
30:47 Heavy Plow
33:27 Chemistry
31:53 Pikeman
32:33 Squires
32:19 Arson
32:38 Scale Mail Armor
32:49 Forging
33:18 Hand Cart
34:43 Bodkin Arrow
39:27 Ballistics
41:16 Padded Archer Armor
42:46 Bracer
42:20 Elite Skirmisher
44:03 Fortified Wall
44:32 Leather Archer Armor
45:54 Ring Archer Armor
49:40 Houfnice
51:59 Siege Engineers
52:01 Murder Holes
52:17 Masonry
funlove60403
10:31 Feudal Age
14:15 Castle Age
12:27 Double-Bit Axe
12:43 Horse Collar
13:43 Gold Mining
19:01 Loom
22:13 Wheelbarrow
26:48 Imperial Age
24:39 Scale Mail Armor
24:38 Pikeman
25:19 Squires
25:53 Bow Saw
25:51 Heavy Plow
27:19 Chain Mail Armor
27:14 Forging
27:05 Padded Archer Armor
26:56 Fletching
28:38 Conscription
27:55 Halberdier
29:52 Iron Casting
30:21 Gold Shaft Mining
29:46 Elite Skirmisher
31:06 Bodkin Arrow
31:19 Scale Barding Armor
31:52 Thumb Ring
31:52 Crossbowman
33:20 Hand Cart
33:55 Bracer
34:53 Crop Rotation
35:44 Chemistry
35:16 Ballistics
35:19 Arbalester
37:13 Leather Archer Armor
37:30 Plate Mail Armor
37:05 Scale Barding Armor
39:44 Ring Archer Armor
39:34 Light Cavalry
40:14 Husbandry
40:14 Hussar
40:14 Cavalier
45:44 Heavy Cavalry Archer
47:38 Capped Ram
51:56 Two-Man Saw
50:26 Siege Ram
軒Syuan
10:13 Loom
12:07 Feudal Age
17:10 Castle Age
16:37 Double-Bit Axe
26:47 Wheelbarrow
25:59 Town Watch
28:05 Hand Cart
32:25 Imperial Age
30:16 Husbandry
30:29 Forging
30:25 Scale Barding Armor
30:41 Town Patrol
31:45 Iron Casting
31:31 Fortified Wall
31:36 Masonry
31:22 Gold Mining
31:24 Stone Mining
33:00 Gold Shaft Mining
33:15 Chain Barding Armor
32:32 Pikeman
32:36 Cavalier
34:21 Blast Furnace
34:41 Paladin
37:05 Plate Barding Armor
40:43 Conscription
40:24 Chivalry
Iguano Pop
11:20 Feudal Age
15:14 Castle Age
14:12 Double-Bit Axe
14:43 Horse Collar
19:02 Loom
24:38 Town Watch
25:29 Wheelbarrow
25:55 Light Cavalry
29:53 Scale Barding Armor
30:22 Gold Mining
34:14 Imperial Age
32:28 Bloodlines
32:19 Husbandry
32:41 Chain Barding Armor
33:46 Padded Archer Armor
34:29 Hand Cart
34:29 Fletching
34:22 Heavy Camel Rider
35:15 Forging
36:05 Conscription
36:09 Masonry
37:14 Gold Shaft Mining
37:49 Hoardings
37:44 Leather Archer Armor
37:06 Hussar
42:22 Heavy Plow
43:45 Plate Barding Armor
46:10 Chemistry
45:06 Bodkin Arrow
46:27 Ballistics
47:06 Iron Casting
48:34 Blast Furnace
47:53 Siege Engineers
50:47 Bracer
50:54 Town Patrol
50:49 Stone Mining
52:19 Murder Holes
LIXPOU
10:49 Feudal Age
14:54 Castle Age
13:11 Loom
14:05 Double-Bit Axe
14:01 Horse Collar
16:02 Bow Saw
16:22 Heavy Plow
24:41 Wheelbarrow
23:52 Town Watch
29:36 Imperial Age
28:29 Chemistry
29:04 Fletching
29:41 Ballistics
29:32 Masonry
32:42 Two-Man Saw
32:37 Padded Archer Armor
32:33 Bodkin Arrow
32:47 Siege Engineers
33:12 Architecture
32:39 Murder Holes
33:49 Leather Archer Armor
33:35 Bracer
33:37 Scale Mail Armor
33:18 Pikeman
33:58 Squires
39:44 Halberdier
42:08 Chain Mail Armor
42:04 Forging
42:14 Houfnice
48:21 Iron Casting
48:16 Plate Mail Armor
48:17 Ring Archer Armor
49:41 Blast Furnace
howtomakeaturn
2:59 Loom
10:54 Feudal Age
15:37 Castle Age
15:01 Double-Bit Axe
15:14 Horse Collar
20:49 Wheelbarrow
21:25 Bow Saw
22:35 Gold Mining
22:48 Heavy Plow
24:27 Hand Cart
26:17 Stone Mining
30:35 Imperial Age
28:54 Stone Shaft Mining
28:54 Gold Shaft Mining
28:52 Fletching
29:14 Forging
29:22 Gambesons
29:37 Squires
29:23 Arson
30:02 Scale Mail Armor
30:37 Iron Casting
30:44 Chain Mail Armor
32:40 Plate Mail Armor
33:13 Blast Furnace
33:57 Crop Rotation
33:31 Bodkin Arrow
34:11 Conscription
34:28 Bagains
35:41 Conscription
39:13 Elite Skirmisher
39:51 Bodkin Arrow
39:57 Padded Archer Armor
Connection lost

Rejoining the realm…

Still unreachable

The connection could not be restored.

Session expired

The server has moved on; the page needs a fresh start.